 Dungeon Crawl Stone Soup version 0.24.0-123-gd5b16e6ec5 (webtiles) character file.

Game seed: 12644077581892292974, levelgen mode: deterministic

8766 Zunyi the Nimble (level 11, -3/88 HPs)
             Began as a Demonspawn Chaos Knight on Dec 23, 2019.
             Was a Plaything of Xom.
             Slain by a four-headed hydra (11 damage)
             ... on level 1 of the Lair of Beasts.
             The game lasted 01:02:23 (8987 turns).

Zunyi the Nimble (Demonspawn Chaos Knight)          Turns: 8987, Time: 01:02:24

Health: -3/88      AC: 10    Str: 13 (14) XL:     11   Next: 14%
Magic:  0/24       EV: 16    Int: 16      God:    Xom [...*..]
Gold:   950        SH:  0    Dex: 12      Spells: 14/15 levels left

rFire    . . .     SeeInvis .   v - +2 trident (pierce)
rCold    . . .     Gourm    .   (no shield)
rNeg     . . .     Faith    .   T - +0 troll leather armour
rPois    .         Spirit   +   (no helmet)
rElec    .         Reflect  .   N - +0 cloak
rCorr    .         Harm     .   V - +0 pair of gloves
MR       .....                  D - +1 pair of boots {Fly}
Stlth    ++........             o - amulet of rage
HPRegen  0.64/turn              B - ring of stealth
MPRegen  0.19/turn              m - ring of magical power

@: flying
A: claws 2, rugged brown scales 1, blink, clever 1, clumsy 1, deterioration 2,
powered by pain 1, screaming 1, magic shield
a: Blink, Renounce Religion, Evoke Berserk Rage


You were on level 1 of the Lair of Beasts.
You worshipped Xom.
You were a favourite toy of Xom.
You were very hungry.

You visited 3 branches of the dungeon, and saw 11 of its levels.

You collected 950 gold pieces.

Inventory:

Hand Weapons
 a - a +0 spear of chaos
 l - a cursed -1 great sword
 v - a +2 trident of piercing (weapon)
 x - a +2 short sword of venom
 A - a +0 trident
 H - a +2 glaive of pain
 I - a +0 whip of electrocution
 P - a cursed +4 hand axe
Missiles
 f - 61 sling bullets
 h - 362 stones (quivered)
 q - 19 poisoned darts
Armour
 b - a +2 leather armour
 e - a +2 leather armour of fire resistance
 g - a +0 helmet
 D - a +1 pair of boots of flying (worn)
 J - a +2 robe of magic resistance
 N - a +0 cloak (worn)
 R - a +0 ring mail
 T - a +0 troll leather armour (worn)
 V - a +0 pair of gloves (worn)
Jewellery
 d - an uncursed ring of fire
 m - a ring of magical power (right hand)
 o - an amulet of rage (around neck)
 y - an uncursed ring of protection from cold
 B - a ring of stealth (left hand)
 S - an uncursed ring of resist corrosion
Wands
 z - a wand of polymorph (8)
 E - a wand of disintegration (17)
 F - a wand of paralysis (9)
 G - a wand of flame (5)
 M - a wand of scattershot (1)
 Q - a wand of iceblast (16)
Scrolls
 i - 2 scrolls of magic mapping
 j - 3 scrolls of enchant weapon
 k - a scroll of teleportation
 s - 12 scrolls of identify {unknown}
 C - 2 scrolls of enchant armour
 U - a scroll of blinking
Potions
 n - 4 potions of flight
 p - a potion of heal wounds
 r - 3 potions of brilliance {unknown}
 t - a potion of mutation {unknown}
 u - 4 potions of might {unknown}
 w - a potion of curing
 K - 2 potions of agility
 L - 2 potions of cancellation {unknown}
 O - a potion of resistance {unknown}
Comestibles
 c - 24 rations


   Skills:
 + Level 7.9 Fighting
 - Level 8.5 Polearms
 + Level 5.8 Armour
 - Level 8.6 Dodging
 - Level 3.2 Unarmed Combat
 - Level 2.6 Spellcasting
 - Level 4.8 Evocations


You had 14 spell levels left.
You knew the following spells:

 Your Spells              Type           Power        Failure   Level  Hunger
a - Sting                 Conj/Pois      #...         24%         1    #......

Your spell library contained the following spells:

 Spells                   Type           Power        Failure   Level  Hunger
 Animate Skeleton         Necr           N/A          24%         1    #......
 Flame Tongue             Conj/Fire      #....        24%         1    #......
 Pain                     Necr           #...         24%         1    #......
 Summon Small Mammal      Summ           #...         24%         1    #......
 Call Imp                 Summ           #.......     34%         2    ##.....
 Poisonous Vapours        Pois/Air       #.....       34%         2    ##.....
 Throw Flame              Conj/Fire      #.....       34%         2    ##.....
 Call Canine Familiar     Summ           #.......     56%         3    ###....
 Conjure Flame            Conj/Fire      #.......     56%         3    ###....
 Inner Flame              Hex/Fire       #.......     56%         3    ###....
 Mephitic Cloud           Conj/Pois/Air  #.......     56%         3    ###....
 Regeneration             Chrm/Necr      #.........   56%         3    ###....
 Summon Guardian Golem    Hex/Summ       #.......     56%         3    ###....
 Vampiric Draining        Necr           #.........   56%         3    ###....
 Animate Dead             Necr           N/A          93%         4    #####..
 Olgreb's Toxic Radiance  Pois           #.......     93%         4    #####..
 Sticky Flame             Conj/Fire      #.......     93%         4    #####..
 Summon Ice Beast         Ice/Summ       #.......     93%         4    #####..
 Summon Lightning Spire   Summ/Air       #.......     93%         4    #####..
 Fireball                 Conj/Fire      #.........   100%        5    ######.
 Venom Bolt               Conj/Pois      #.........   100%        5    ######.


Dungeon Overview and Level Annotations

Branches:
Dungeon (9/15)             Temple (1/1) D:6            Lair (1/6) D:9
    Orc: D:9-12

Altars:
Ashenzari
Cheibriados
Dithmenos
Elyvilon
Fedhas
Gozag
Hepliaklqana
Kikubaaqudgha
Makhleb
Nemelex Xobeh
Okawaru
Qazlal
Ru
Sif Muna
Trog
Uskayaw
Vehumet
Wu Jian
Xom
Yredelemnul
Zin
The Shining One

Shops:
D:7 %

Annotations:
D:8 2 transporters, CrazyArbalest's ghost, novice DgHu


Innate Abilities, Weirdness & Mutations

You have very sharp fingernails.
You are partially covered in rugged brown scales. (AC +1, +3% HP)
You sometimes gain a little power by taking damage.
When hurt, damage is shared between your health and your magic reserves.
You can translocate small distances at will.
Your mind is acute. (Int +2)
You are clumsy. (Dex -2)
Your body often deteriorates upon taking damage.
You occasionally shout uncontrollably at your foes.


Message History

Aim: a four-headed hydra (heavily wounded, chance to defeat MR: 26%)
The four-headed hydra easily resists.
The four-headed hydra bites you but does no damage.
The four-headed hydra barely misses you.
The four-headed hydra bites you!
* * * LOW HITPOINT WARNING * * *
You emit a cloud of colourful smoke!
The four-headed hydra bites you.
* * * LOW HITPOINT WARNING * * *
Evoke which item? (* to show all) (? for menu, Esc to quit)
Aiming: Paralyse
Press: ? - help, Shift-Dir - straight line, f/p - four-headed hydra
Aim: a four-headed hydra (magical condensation, moderately wounded, chance to defeat MR: 26%)
The four-headed hydra easily resists.
Xom grants you some temporary aid.
The four-headed hydra closely misses you.
The four-headed hydra bites you.
* * * LOW HITPOINT WARNING * * *
The four-headed hydra bites you!
You die...

### #####.##+.#### #.#
#............#
..#*##............#
..##.+.>..........###
..#..#..............# .
....##......P.P.P.P.##...
..#.##........55555...+
....##......P.P5PDP#..#
..+...........5.@5+...#
..####)........55.#####
### #.##+#.##5#### #
####...#### ###.#
####.+#### ####........#
####..'.......##
.....##.........#


You could see a four-headed hydra, a friendly quasit, 3 friendly crimson imps, a
friendly white imp, 2 friendly shadow imps and 4 friendly ufetubi.

Vanquished Creatures
  A two-headed ogre (D:9)
  Pikel (D:6)
  A gargoyle (D:7)
  A troll (D:9)
  A queen bee (D:9)
  A hippogriff (D:9)
  Eustachio (D:6)
  A basilisk (Lair:1)
  A hungry ghost (D:8)
  3 water moccasins
  Duvessa (D:5)
  A porcupine (Lair:1)
  4 sky beasts
  A black bear (shapeshifter) (D:9)
  A slave (D:5)
  A phantom (D:9)
  7 orc warriors
  5 ice beasts
  4 ogres
  A centaur (D:7)
  2 crocodiles
  A big kobold (D:9)
  3 bullfrogs
  Blork the orc (D:5)
  31 killer bees
  Dowan (D:5)
  4 scorpions
  6 wights
  3 howler monkeys (D:4)
  A crimson imp (D:9)
  A quasit (D:4)
  2 bullfrog skeletons
  A bullfrog zombie (D:7)
  6 orc priests
  4 hounds
  10 orc wizards
  7 worker ants
  A killer bee zombie (D:8)
  2 worker ant zombies
  A howler monkey skeleton (D:8)
  4 adders
  7 gnolls
  3 shadow imps
  2 oozes
  An adder zombie (D:6)
  A worm (D:4)
  2 dart slugs (D:1)
  6 leopard geckos
  41 orcs
  A ball python (D:2)
  2 bats
  7 giant cockroaches
  6 goblins
  8 hobgoblins
  6 jackals
  12 kobolds
  A quokka (D:2)
  2 frilled lizards
  A quokka skeleton (D:5)
  6 rats
  A spectral orc (D:6)
246 creatures vanquished.

Vanquished Creatures (collateral kills)
  A killer bee (D:9)
1 creature vanquished.

Vanquished Creatures (others)
  A sky beast (D:5)
  An ogre (D:4)
  A kobold (D:1)
  3 bushes (Lair:1)
  9 plants (Lair:1)
15 creatures vanquished.

Grand Total: 262 creatures vanquished

Notes
Turn   | Place    | Note
-------+----------+-------------------------------------------
     0 | D:1      | Zunyi the Demonspawn Chaos Knight began the quest for the
                  | Orb.
     0 | D:1      | Reached XP level 1. HP: 18/18 MP: 1/1
    12 | D:1      | Reached skill level 1 in Dodging
    31 | D:1      | XOM: potion effect (curing)
    33 | D:1      | Gained mutation: When hurt, damage is shared between your
                  | health and your magic reserves. [demonic ancestry]
    33 | D:1      | Reached XP level 2. HP: 24/24 MP: 2/2
    43 | D:1      | XOM: harmless Erth miscast
   188 | D:1      | XOM: potion effect (invisibility)
   189 | D:1      | Reached XP level 3. HP: 15/29 MP: 1/4
   288 | D:1      | Reached skill level 1 in Spellcasting
   480 | D:1      | XOM: harmless Chrm miscast
   493 | D:1      | You fall into a shaft and drop 1 floor!
   694 | D:2      | XOM: potion effect (might)
   701 | D:2      | Gained mutation: You are partially covered in rugged brown
                  | scales. (AC +1, +3% HP) [demonic ancestry]
   701 | D:2      | Reached XP level 4. HP: 36/36 MP: 6/6
  1312 | D:2      | XOM: medium Erth miscast
  1569 | D:3      | XOM: mild Hex miscast
  1844 | D:3      | Reached XP level 5. HP: 30/42 MP: 5/8
  1851 | D:3      | Found a faded altar of an unknown god.
  1869 | D:3      | Reached skill level 1 in Evocations
  2134 | D:4      | Noticed an ogre
  2144 | D:4      | Banished an ogre
  2144 | D:4      | Reached XP level 6. HP: 50/50 MP: 9/9
  2166 | D:4      | Reached skill level 5 in Fighting
  2441 | D:4      | Reached XP level 7. HP: 57/57 MP: 10/10
  2466 | D:4      | XOM: enchant monster (bad)
  2472 | D:4      | Reached skill level 1 in Unarmed Combat
  2477 | D:4      | XOM: harmless Air miscast
  2517 | D:5      | Entered Level 5 of the Dungeon
  2594 | D:5      | XOM: mild Air miscast
  2738 | D:5      | XOM: god gift: ration
  2805 | D:5      | XOM: smoke on damage
  2892 | D:5      | Learned a level 1 spell: Sting
  2975 | D:5      | Noticed Blork the orc
  2988 | D:5      | XOM: cast spell 'Leda's Liquefaction'
  3004 | D:5      | XOM: noise
  3009 | D:5      | Killed Blork the orc
  3013 | D:5      | Noticed Duvessa
  3013 | D:5      | Noticed Dowan
  3021 | D:5      | Killed Dowan
  3021 | D:5      | Reached XP level 8. HP: 52/63 MP: 12/12
  3029 | D:5      | Killed Duvessa
  3345 | D:5      | XOM: summons 4 hostile demons
  3346 | D:5      | Noticed a red devil
  3346 | D:5      | XOM: smoke on damage
  3462 | D:6      | Found a basalt altar of Yredelemnul.
  3477 | D:6      | XOM: summons 4 hostile demons
  3593 | D:6      | Noticed Eustachio
  3597 | D:6      | Identified a scroll of acquirement
  3609 | D:6      | Killed Eustachio
  3648 | D:6      | Noticed Pikel
  3649 | D:6      | XOM: medium Tloc miscast
  3860 | D:5      | XOM: mild Air miscast
  3944 | D:5      | XOM: give mutations
  3944 | D:5      | Gained mutation: You are resistant to hostile enchantments.
                  | (MR+) [Xom's grace]
  3944 | D:5      | Gained mutation: You can translocate small distances at
                  | will. [Xom's grace]
  3944 | D:5      | Gained mutation: You have supernaturally acute eyesight.
                  | (SInv) [Xom's grace]
  3944 | D:5      | Gained mutation: Your natural rate of healing is unusually
                  | fast. [Xom's grace]
  3966 | D:6      | Found a staircase to the Ecumenical Temple.
  3992 | Temple   | Entered the Ecumenical Temple
  4221 | D:6      | Killed Pikel
  4221 | D:6      | Reached skill level 5 in Polearms
  4221 | D:6      | Reached skill level 5 in Dodging
  4329 | D:6      | Gained mutation: You sometimes gain a little power by
                  | taking damage. [demonic ancestry]
  4329 | D:6      | Reached XP level 9. HP: 70/70 MP: 13/13
  4343 | D:6      | XOM: mild Tmut miscast
  4393 | D:6      | XOM: summons friendly ufetubus
  4452 | D:6      | XOM: polymorph ufetubus -> white imp
  4738 | D:7      | Noticed a gargoyle
  4739 | D:7      | XOM: scenery: create altars
  4740 | D:7      | XOM: confuse monster(s)
  4748 | D:7      | XOM: enchant monster (good)
  4754 | D:7      | Killed a gargoyle
  4807 | D:7      | XOM: scenery: create altars
  4843 | D:7      | XOM: give mutations
  4843 | D:7      | Gained mutation: Your mind is acute. (Int +2) [Xom's grace]
  4843 | D:7      | Gained mutation: You have a pair of small horns on your
                  | head. [Xom's grace]
  4910 | D:7      | XOM: 1-stop teleportation journey
  4945 | D:7      | XOM: scenery: create altars
  5330 | D:7      | Found Lepih's Food Shop.
  5330 | D:7      | XOM: scenery: 1 doors open
  5937 | D:8      | XOM: summons 2 friendly demons
  6018 | D:8      | Gained mutation: You have sharp fingernails. [demonic
                  | ancestry]
  6018 | D:8      | Reached XP level 10. HP: 56/79 MP: 11/14
  6248 | D:8      | XOM: mild Tmut miscast
  6248 | D:8      | XOM: smoke on damage
  6256 | D:8      | XOM: medium Summ miscast
  6332 | D:8      | XOM: harmless Fire miscast
  6608 | D:8      | Reached skill level 5 in Armour
  6613 | D:8      | Noticed a cyclops
  6615 | D:8      | Noticed CrazyArbalest's ghost (novice DgHu)
  6618 | D:8      | Found a transporter.
  6621 | D:8      | Found a bloodstained altar of Trog.
  6621 | D:8      | Noticed a moth of wrath
  6646 | D:8      | Found a transporter.
  6776 | D:8      | XOM: give mutations
  6776 | D:8      | Gained mutation: You are frail. (-10% HP) [Xom's mischief]
  6776 | D:8      | Gained mutation: Your body sometimes deteriorates upon
                  | taking damage. [Xom's mischief]
  7113 | D:9      | XOM: noise
  7148 | D:9      | XOM: confusion
  7265 | D:9      | XOM: give mutations
  7265 | D:9      | Gained mutation: You are clumsy. (Dex -2) [Xom's mischief]
  7265 | D:9      | Lost mutation: You are resistant to hostile enchantments.
                  | (MR+) [Xom's mischief]
  7265 | D:9      | Lost mutation: You have supernaturally acute eyesight.
                  | (SInv) [Xom's mischief]
  7265 | D:9      | Gained mutation: Scrolls take you a little longer to read.
                  | [Xom's mischief]
  7265 | D:9      | Gained mutation: You occasionally shout uncontrollably at
                  | your foes. [Xom's mischief]
  7430 | D:9      | Noticed a glowing shapeshifter
  7430 | D:9      | a killer bee changed into a glowing shapeshifter
  7430 | D:9      | XOM: polymorph killer bee -> glowing shapeshifter
  7430 | D:9      | a glowing shapeshifter changed into a merfolk
  7431 | D:9      | Noticed a faun
  7431 | D:9      | a merfolk changed into a faun
  7442 | D:9      | Noticed an eye of devastation
  7442 | D:9      | Noticed an elephant
  7442 | D:9      | an eye of devastation changed into an elephant
  7443 | D:9      | Noticed a swamp dragon
  7443 | D:9      | an elephant changed into a swamp dragon
  7451 | D:9      | XOM: severe Erth miscast
  7582 | D:9      | Noticed an entropy weaver
  7590 | D:9      | XOM: torment (41/74 hp)
  7725 | D:9      | Noticed a fire dragon
  7726 | D:9      | XOM: blink monster(s)
  7791 | D:9      | Noticed a harpy
  7791 | D:9      | a wind drake changed into a harpy
  7794 | D:9      | a harpy changed into a black bear
  7906 | D:9      | XOM: noise
  7932 | D:9      | Found a sacrificial altar of Ru.
  8050 | D:9      | Noticed a two-headed ogre
  8068 | D:9      | Killed a two-headed ogre
  8141 | D:9      | Gained mutation: You have very sharp fingernails. [demonic
                  | ancestry]
  8141 | D:9      | Reached XP level 11. HP: 71/79 MP: 15/15
  8216 | D:9      | Found a staircase to the Lair.
  8257 | D:9      | XOM: summons 2 hostile shadow creatures
  8284 | D:9      | XOM: cloud trail
  8294 | Lair:1   | Entered Level 1 of the Lair of Beasts
  8305 | Lair:1   | XOM: divination: magic mapping
  8326 | Lair:1   | XOM: harmless Fire miscast
  8341 | Lair:1   | XOM: noise
  8449 | D:9      | XOM: cast spell 'Summon Small Mammal'
  8505 | D:9      | XOM: give mutations
  8505 | D:9      | Lost mutation: You are frail. (-10% HP) [Xom's mischief]
  8505 | D:9      | Lost mutation: Scrolls take you a little longer to read.
                  | [Xom's mischief]
  8689 | D:9      | XOM: noise
  8917 | Lair:1   | XOM: give mutations
  8917 | Lair:1   | Gained mutation: Your body often deteriorates upon taking
                  | damage. [Xom's mischief]
  8917 | Lair:1   | Lost mutation: Your natural rate of healing is unusually
                  | fast. [Xom's mischief]
  8917 | Lair:1   | Lost mutation: You have a pair of small horns on your head.
                  | [Xom's mischief]
  8956 | Lair:1   | Identified the +2 trident of Ancient Evil {antimagic, rF-
                  | MR+ Str+2}
  8956 | Lair:1   | Noticed a spriggan rider
  8957 | Lair:1   | Identified the +8 trident of Moral Flaws {vamp, Str+7}
  8957 | Lair:1   | Noticed a spriggan rider
  8958 | Lair:1   | Identified the +7 quarterstaff of Balance {distort, rElec}
  8958 | Lair:1   | Noticed a spriggan berserker
  8970 | Lair:1   | Noticed a four-headed hydra
  8972 | Lair:1   | XOM: enchant monster (good)
  8985 | Lair:1   | XOM: smoke on damage
  8987 | Lair:1   | XOM: summons 11 friendly demons
  8987 | Lair:1   | Slain by a four-headed hydra

Levels and vault maps discovered:
D:1:      dpeg_arrival_tiny_c, layout_basic
D:2:      layout_loops_ring
D:3:      layout_rooms, first_ration, chequers_ecumenical_altar_island
D:4:      layout_gridville, minmay_bisected
D:5:      layout_cave_pods, uniq_blork_the_orc, uniq_duvessa
D:6:      layout_loops_corners, yredelemnul_forgotten_temple_becter,
          minmay_temple_entry_mini_moons, uniq_pikel, uniq_eustachio
D:7:      layout_basic, serial_shops, kennysheep_mini
D:8:      minmay_goldmine, layout_basic, gammafunk_ghost_wrathful_warriors
D:9:      layout_layer_cave, lair_entry_dummy, david_nohive_1,
          nicolae_ru_the_path_less_chosen
Temple:   grunt_wide_crystal_templ
Lair:1:   layout_roguey, gammafunk_ghost_wrathful_warriors, serial_forest,
          infiniplex_forest_clump_curved, infiniplex_forest_clump_C,
          infiniplex_forest_lined_2, infiniplex_forest_3_way,
          infiniplex_forest_clump_medium

Skill      XL: |  1  2  3  4  5  6  7  8  9 10 |
---------------+-------------------------------+-----
Dodging        | 1 2 3 5 7 8 |  8.6
Spellcasting   | 1 2 |  2.6
Polearms       | 3 5 7 8 |  8.5
Evocations     | 2 3 4 |  4.8
Fighting       | 4 5 6 7 |  7.9
Unarmed Combat | 3 |  3.2
Armour         | 3 5 |  5.8

Action                   |  1- 3 |  4- 6 |  7- 9 | 10-12 || total
-------------------------+-------+-------+-------+-------++-------
Melee: Spear             |    95 |   206 |   126 |       ||   427
       Glaive            |       |       |   257 |       ||   257
       Punch             |       |       |     1 |     3 ||     4
       Headbutt          |       |       |     6 |    44 ||    50
       Trident           |       |       |     3 |   407 ||   410
Throw: Stone             |       |       |     4 |       ||     4
Evoke: Wand              |       |       |    15 |    15 ||    30
  Use: Potion            |     2 |     2 |     8 |     4 ||    16
       Scroll            |     1 |     2 |    10 |    11 ||    24
 Stab: Sleeping          |     2 |       |    12 |     2 ||    16
       Paralysed         |     1 |     2 |    13 |     5 ||    21
       Invisible         |     1 |       |       |       ||     1
       Distracted        |       |       |       |     1 ||     1
  Eat: Chunk             |       |     2 |     4 |     8 ||    14
       Ration            |       |     1 |     4 |       ||     5
Armor: Leather armour    |    18 |    39 |   118 |       ||   175
       Skin              |     3 |    48 |       |       ||    51
       Ring mail         |       |       |    13 |   116 ||   129
       Robe              |       |       |     5 |       ||     5
       Troll leather arm |       |       |       |    32 ||    32
Dodge: Dodged            |    37 |    88 |   253 |   355 ||   733
